 Dungeon Crawl Stone Soup version 0.30-a0-652-gcc886f7154 (webtiles) character file.

Game seed: 7157272095036425810

116 testman the Twirler (level 4, -4/35 HPs)
             Began as a Demonspawn Wanderer on Jan 17, 2023.
             Was a Plaything of Xom.
             Slain by an iron imp (9 damage)
             ... summoned by Xom
             ... on level 3 of the Dungeon.
             The game lasted 00:04:38 (1475 turns).

testman the Twirler (Demonspawn Wanderer)           Turns: 1475, Time: 00:04:38

Health: -4/35      AC:  9    Str: 12    XL:     4   Next: 69%
Magic:  7/7        EV:  5    Int: 14    God:    Xom [......]
Gold:   147        SH:  4    Dex: 14    Spells: 7/7 levels left

rFire   . . .      SeeInvis .    a - +2 quarterstaff
rCold   + . .      Faith    +    (shield currently unavailable)
rNeg    + . .      Spirit   .    i - +0 chain mail {rC+}
rPois   .          Reflect  .    (helmet restricted)
rElec   .          Harm     .    (no cloak)
rCorr   .          Rampage  .    h - +0 pair of gloves
Will    .....                    (no boots) Stlth
                                 g - amulet of faith
HPRegen 0.25/turn                q - ring of positive energy
MPRegen 0.10/turn                (no ring)

@: no status effects
A: antennae 1, condensation shield
a: Renounce Religion


You were on level 3 of the Dungeon.
You worshipped Xom.
You were a very special plaything of Xom.
You visited 1 branch of the dungeon, and saw 3 of its levels.

You collected 147 gold pieces.

Inventory:

Hand Weapons
 a - a +2 quarterstaff (weapon)
 c - a +0 dagger
Missiles
 b - 15 poisoned darts (quivered)
 o - 5 atropa-tipped darts
Armour
 e - a +0 robe
 h - a +0 pair of gloves (worn)
 i - a +0 chain mail of cold resistance (worn)
Jewellery
 g - an amulet of faith (around neck)
 q - a ring of positive energy (left hand)
Scrolls
 l - a scroll of amnesia {unknown}
 m - 2 scrolls of identify {unknown}
 n - a scroll of fog {unknown}
 p - a scroll of fear {unknown}
 r - a scroll of silence {unknown}
Potions
 d - 3 potions of might
 f - 2 potions of heal wounds {unknown}
 j - 2 potions of mutation {unknown}
 k - 2 potions of curing {unknown}


   Skills:
 + Level 3.0 Fighting
 + Level 3.4 Staves
 - Level 1.0 Throwing
 - Level 1.0 Armour
 + Level 2.0 Spellcasting
 + Level 2.6 Transmutations


You had 7 spell levels left.
You didn't know any spells.
Your spell library contained the following spells:

 Spells                   Type           Power      Damage    Failure   Level
 Wereblood                Tmut           8%         N/A       99%         2
 Ensorcelled Hibernation  Hex/Ice        2%         N/A       100%        2
 Passwall                 Tmut/Erth      4%         N/A       100%        2
 Spider Form              Tmut/Pois      5%         N/A       100%        3
 Anguish                  Hex/Necr       0%         N/A       100%        4


Dungeon Overview and Level Annotations

Branches:
Dungeon (3/15)

Altars:
Xom


Innate Abilities, Weirdness & Mutations

You have a pair of small antennae on your head.
A meltable shield of frost defends you. (SH +4)


Message History

The frilled lizard closely misses you. The iron imp barely misses you. x2
The quasit bites you but does no damage.
The quasit claws you but does no damage. x2
You block the frilled lizard's attack.
You hit the iron imp.
The iron imp is severely wounded.
The quasit bites you but does no damage.
The quasit claws you but does no damage. x2
You block the iron imp's attack. The iron imp hits you.
The frilled lizard bites you but does no damage.
You are too injured to fight recklessly!
You are too injured to fight recklessly!
You are too injured to fight recklessly!
You are too injured to fight recklessly!
You are too injured to fight recklessly!
You barely miss the frilled lizard.
The quasit bites you but does no damage.
The quasit barely misses you.
The quasit claws you but does no damage.
The iron imp grins evilly.
The iron imp hits you.
The frilled lizard bites you but does no damage.
The quasit bites you.
The quasit claws you but does no damage.
The quasit claws you.
The iron imp shouts, "Begone, thou surly weather-bitten dingleberry!"
The iron imp hits you but does no damage.
You miss the frilled lizard. The quasit barely misses you.
The quasit claws you but does no damage.
The quasit barely misses you. The frilled lizard barely misses you.
The iron imp barely misses you. The iron imp hits you.
You thump the frilled lizard!
You kill the frilled lizard!
You block the quasit's attack. The quasit barely misses you.
The quasit closely misses you. The iron imp hits you!
* * * LOW HITPOINT WARNING * * *
The quasit bites you but does no damage.
The quasit claws you but does no damage. x2
The iron imp hits you!
You die...

#......#
#.....>
#..... #.
#....#...
#.......#
##........
#.55.....#
#)@)......
#..5......
#..........
#..........
#..........
##.........
#......##.
#......#


You could see 2 iron imps and a quasit (summoned).

Vanquished Creatures
  2 orc wizards (D:3)
  2 adders
  2 dart slugs
  2 orcs (D:3)
  2 bats (D:1)
  4 endoplasms
  3 giant cockroaches
  4 goblins
  3 hobgoblins
  4 kobolds
  4 quokkas
  3 ball pythons
  4 frilled lizards
  6 rats
45 creatures vanquished.

Vanquished Creatures (others)
  4 plants (D:1)
  2 withered plants (D:1)
6 creatures vanquished.

Grand Total: 51 creatures vanquished

Notes
Turn   | Place    | Note
-------+----------+-------------------------------------------
     0 | D:1      | testman the Demonspawn Wanderer began the quest for the
                  | Orb.
     0 | D:1      | testman set off with the following items: a +2
                  | quarterstaff, 12 poisoned darts, a +0 dagger, a potion of
                  | might, a +0 robe; and the following spells available to
                  | memorise: Wereblood, Passwall.
     0 | D:1      | Reached XP level 1. HP: 16/16 MP: 2/2
    86 | D:1      | Found a faded altar of an unknown god.
    99 | D:1      | Prayed at the altar of an unknown god.
    99 | D:1      | Became a worshipper of Xom of Chaos
   218 | D:1      | XOM: divination: detect items
   224 | D:1      | XOM: confuse monster(s)
   238 | D:1      | Gained mutation: A meltable shield of frost defends you.
                  | (SH +4) [demonic ancestry]
   238 | D:1      | Reached XP level 2. HP: 17/22 MP: 3/3
   455 | D:1      | XOM: 4-stop teleportation journey
   610 | D:1      | XOM: noise
   815 | D:2      | Gained mutation: You have a pair of small antennae on your
                  | head. [demonic ancestry]
   815 | D:2      | Reached XP level 3. HP: 24/27 MP: 5/5
   932 | D:2      | XOM: god gift: leather armour {god gift}
  1455 | D:3      | Reached XP level 4. HP: 25/34 MP: 6/6
  1466 | D:3      | XOM: summons 3 hostile demons
  1475 | D:3      | Slain by an iron imp

Illustrated notes

Levels and vault maps discovered:
D:1:      doesnt_arrival_eight_statues, layout_rooms,
          shapermc_ecumenical_altar_flowoftime
D:2:      layout_basic, kennysheep_doodads
D:3:      layout_basic, lemuel_tele_altar, kennysheep_crisscross

Skill      XL: |  1  2  3  4 |
---------------+-------------+-----
Transmutations | 2 |  2.6
Staves         | 3 |  3.4
Fighting       | 3 |  3.0
Spellcasting   | 2 |  2.0
Throwing       | |  1.0
Armour         | |  1.0

Action                   |  1- 3 |  4- 6 || total
-------------------------+-------+-------++-------
Melee: Quarterstaff      |   127 |    21 ||   148
Armor: Robe              |     9 |       ||     9
       Chain mail        |    46 |    44 ||    90
Dodge: Dodged            |    39 |    27 ||    66
Block: Other             |    13 |     8 ||    21

Table legend: (Time is in decaauts)
 A = Elapsed time spent in this place.
 B = Non-inter-level travel time spent in this place.
 C = Inter-level travel time spent in this place.
 D = Time resting spent in this place.
 E = Time spent auto-exploring this place.
 F = Levels seen in this place.
 G = Mean time per level.
                   A        B        C        D        E       F      G
               +--------+--------+--------+--------+--------+-----+--------+
         Total |   1497 |   1433 |     64 |     46 |   1038 |   3 |  499.0 |
       Dungeon |   1497 |   1433 |     64 |     46 |   1038 |   3 |  499.0 |
               +--------+--------+--------+--------+--------+-----+--------+

Top non-repeatable levels by time:
     D:1: 654 daAuts
     D:2: 642 daAuts
     D:3: 200 daAuts
